 Dungeon Crawl Stone Soup version 0.30.1-11-g7821555f0a (webtiles) character file.

Game seed: 1187477368441448331

301 ipreemptive the Cudgeller (level 6, -4/51 HPs)
             Began as a Demonspawn Berserker on Dec 24, 2023.
             Was a Believer of Trog.
             Slain by Sigmund
             ... wielding a +0 scythe
              (8 damage)
             ... on level 2 of the Dungeon.
             The game lasted 00:13:32 (2916 turns).

ipreemptive the Cudgeller (Demonspawn Berserker)    Turns: 2916, Time: 00:13:32

Health: -4/51      AC:  3    Str: 20    XL:     6   Next: 14%
Magic:  6/6        EV: 11    Int:  8    God:    Trog [**....]
Gold:   89         SH:  4    Dex: 12    Spells: 5/5 levels left

rFire   . . .        a - +0 mace
rCold   . . .        (no shield)
rNeg    . . .        c - +0 leather armour
rPois   .            (no helmet)
rElec   .            (no cloak)
rCorr   .            (no gloves)
SInv    .            (no boots)
Will    .....        (no amulet)
Stlth   +            (no ring)
HPRegen 0.28/turn    (no ring)
MPRegen 0.10/turn

%: no passive effects
@: on berserk cooldown, slowed, very slow
A: hooves 2, large bone plates 1, robust 1, spiny 1
a: Renounce Religion, Berserk, Trog's Hand


You were on level 2 of the Dungeon.
You worshipped Trog.
Trog was pleased with you.
You visited 1 branch of the dungeon, and saw 3 of its levels.

You collected 89 gold pieces.

Inventory:

Hand Weapons
 a - a +0 mace (weapon)
Armour
 b - a +0 animal skin
 c - a +0 leather armour (worn)
 n - a +0 barding
Scrolls
 d - a scroll of blinking {unknown}
 f - 4 scrolls of fear {unknown}
 g - a scroll of noise {unknown}
 i - a scroll of teleportation {unknown}
 k - a scroll of butterflies {unknown}
 m - 3 scrolls of identify {unknown}
Potions
 e - a potion of brilliance {unknown}
 h - a potion of haste {unknown}
 j - a potion of resistance {unknown}
 l - a potion of mutation {unknown}


   Skills:
 * Level 3.2 Fighting
 - Level 6.1 Maces & Flails
 + Level 2.1 Armour
 - Level 1.8 Dodging


You had 5 spell levels left.
You didn't know any spells.
Your spell library was empty.

Dungeon Overview and Level Annotations

Branches:
Dungeon (3/15)

Altars:

Annotations:
D:2 Sigmund


Innate Abilities, Weirdness & Mutations

You have hoof-like feet.
You are partially covered in large bone plates. (SH +4)
You are robust. (+10% HP)
You are partially covered in sharp spines.


Message History

A red film seems to cover your vision as you go berserk!
You feel yourself moving faster!
You feel mighty! You block something's attack.
You feel a strong urge to attack something.
You barely miss something. Your kick misses something.
You hear some strange, mumbled words.
A magic dart appears from out of thin air!
The magic dart hits you.
You hit something. You closely miss something. Your kick misses something.
You hear some strange, mumbled words.
A puff of flame appears from out of thin air!
The puff of flame hits you!
You miss something. Your kick misses something. You block something's attack.
You barely miss something. Your kick misses something.
You completely miss something. Something hits you.
You closely miss something. Your kick misses something. You sock something!
Your kick misses something. Something completely misses you.
You closely miss something.
You feel the effects of Trog's Hand fading.
You miss something. Your kick misses something.
You are no longer berserk.
You are exhausted.
You feel yourself slow down.
You hit something but do no damage. Your kick misses something.
Something hits you!
You barely miss something. You kick something. Something hits you.
You miss something.
Your skin stops crawling.
You feel less strong-willed. Something hits you.
* * * LOW HITPOINT WARNING * * *
Something hits you.
* * * LOW HITPOINT WARNING * * *
You closely miss something.
You hear some strange, mumbled words.
A magic dart appears from out of thin air!
The magic dart hits you.
* * * LOW HITPOINT WARNING * * *
You sock something! Your kick misses something. Something hits you!
You die...

#..................
#....##............
#....#.............
#..................
#..................
####......##.......
#.........##.......
#.##.....###.......
#.@{.......#.......
#..........#.......
###..................
#.........PPP........
#...).......P........
#[......P....P.......
#.......PP.8.........
#.......PP...........
######....PPPP.......


There were no monsters in sight!

Vanquished Creatures
  Grinder (D:3)
  Terence (D:2)
  2 adders (D:3)
  3 worms
  A dart slug (D:1)
  6 endoplasms
  A giant cockroach (D:1)
  5 goblins
  2 hobgoblins (D:2)
  4 jackals
  3 kobolds
  4 quokkas
  8 ball pythons
  A bat (D:2)
  6 frilled lizards
  5 rats
53 creatures vanquished.

Vanquished Creatures (others)
  A demonspawn (D:1)
  2 vine stalkers (D:1)
  A merfolk (D:1)
  A formicid (D:1)
  A spriggan (D:1)
  A human (D:1)
  A demigod (D:1)
  A naga (D:1)
  A mummy (D:1)
  2 orcs (D:1)
  10 tentacles (D:1)
22 creatures vanquished.

Grand Total: 75 creatures vanquished

Notes
Turn   | Place    | Note
-------+----------+-------------------------------------------
     0 | D:1      | ipreemptive the Demonspawn Berserker began the quest for
                  | the Orb.
     0 | D:1      | Reached XP level 1. HP: 18/18 MP: 1/1
     0 | D:1      | Noticed a vine stalker
     0 | D:1      | Noticed a merfolk
     0 | D:1      | Noticed a demonspawn
     0 | D:1      | Noticed a kraken
     0 | D:1      | Noticed a human
     0 | D:1      | Noticed a naga
     0 | D:1      | Noticed a formicid
     0 | D:1      | Noticed a vine stalker
     0 | D:1      | Noticed a demigod
     0 | D:1      | Noticed a spriggan
     3 | D:1      | Killed a vine stalker
    11 | D:1      | Killed a naga
    11 | D:1      | Killed a demigod
    12 | D:1      | Killed a formicid
    13 | D:1      | Killed a vine stalker
    15 | D:1      | Killed a human
    16 | D:1      | Killed a spriggan
    17 | D:1      | Killed a merfolk
    18 | D:1      | Killed a demonspawn
   104 | D:1      | Reached skill level 3 in Maces & Flails
   180 | D:1      | Gained mutation: You have large cloven feet. [demonic
                  | ancestry]
   180 | D:1      | Reached XP level 2. HP: 19/24 MP: 2/2
   595 | D:1      | Reached ** piety under Trog
  1053 | D:1      | Gained mutation: You have hoof-like feet. [demonic
                  | ancestry]
  1053 | D:1      | Reached XP level 3. HP: 29/29 MP: 3/3
  1579 | D:2      | Noticed Sigmund
  1630 | D:2      | Noticed Terence
  1643 | D:2      | Killed Terence
  1644 | D:2      | Reached skill level 4 in Maces & Flails
  1644 | D:2      | Gained mutation: You are partially covered in large bone
                  | plates. (SH +4) [demonic ancestry]
  1644 | D:2      | Reached XP level 4. HP: 35/35 MP: 4/4
  1743 | D:2      | You fall into a shaft and drop 1 floor!
  1957 | D:3      | Noticed Grinder
  1964 | D:3      | Killed Grinder
  1965 | D:3      | Reached skill level 6 in Maces & Flails
  1965 | D:3      | Gained mutation: You are partially covered in sharp spines.
                  | [demonic ancestry]
  1965 | D:3      | Reached XP level 5. HP: 25/41 MP: 5/5
  1965 | D:3      | Gained mutation: You are robust. (+10% HP) [demonic
                  | ancestry]
  1965 | D:3      | Reached XP level 6. HP: 25/51 MP: 6/6
  2150 | D:3      | Found a faded altar of an unknown god.
  2916 | D:2      | Slain by Sigmund

Illustrated notes

Levels and vault maps discovered:
D:1:      nicolae_arrival_kraken_aquarium_a, layout_basic
D:2:      layout_basic, chequers_avenue, grunt_decor_mini_mirrors,
          dreamdust_mushroom_princess, uniq_terence, uniq_sigmund
D:3:      layout_loops_ring, ebering_ecumenical_altar_hall, roderic_lattice_a,
          uniq_grinder

Skill      XL: |  1  2  3  4 |
---------------+-------------+-----
Maces & Flails | 3 4 6 |  6.1
Armour         | 2 |  2.1
Fighting       | |  3.2
Dodging        | |  1.8

Action                     |  1- 3 |  4- 6 || total
---------------------------+-------+-------++-------
  Melee: Mace              |   106 |    53 ||   159
         Kick              |    18 |     8 ||    26
         Punch             |       |     1 ||     1
 Invoke: Berserk           |     1 |     2 ||     3
         Trog's Hand       |       |     1 ||     1
 Armour: Animal skin       |    20 |     2 ||    22
         Leather armour    |       |     6 ||     6
  Dodge: Dodged            |    62 |    23 ||    85
  Block: Other             |       |     8 ||     8
